 Dungeon Crawl Stone Soup version 0.29.1-15-g9cfb28693d (webtiles) character file.

Game seed: 2438857898487942449

58 Wiggles the Chopper (level 3, 0/31 HPs)
             Began as a Minotaur Berserker on Mar 31, 2023.
             Was a Believer of Trog.
             Slain by a goblin
             ... wielding a +0 club
             ... led by Robin
              (4 damage)
             ... on level 2 of the Dungeon.
             The game lasted 00:01:49 (1321 turns).

Wiggles the Chopper (Minotaur Berserker)            Turns: 1321, Time: 00:01:50

Health: 0/31       AC:  3    Str: 23    XL:     3   Next: 76%
Magic:  2/2        EV: 11    Int:  4    God:    Trog [**....]
Gold:   56         SH:  0    Dex:  9    Spells: 2/2 levels left

rFire   . . .      SeeInvis .   a - +0 hand axe
rCold   . . .      Faith    .   (no shield)
rNeg    . . .      Spirit   .   i - +0 leather armour
rPois   .          Reflect  .   (helmet restricted)
rElec   .          Harm     .   (no cloak)
rCorr   .          Rampage  .   (no gloves)
Will    .....                   (no boots)
Stlth   +.........              (no amulet)
HPRegen 0.10/turn               (no ring)
MPRegen 0.08/turn               (no ring)

@: on berserk cooldown
A: horns 2, retaliatory headbutt
a: Renounce Religion, Berserk, Trog's Hand


You were on level 2 of the Dungeon.
You worshipped Trog.
Trog was pleased with you.
You visited 1 branch of the dungeon, and saw 2 of its levels.

You collected 56 gold pieces.

Inventory:

Hand Weapons
 a - a +0 hand axe (weapon)
Armour
 i - a +0 leather armour (worn)
Jewellery
 l - an amulet of magic regeneration
Scrolls
 c - 2 scrolls of identify {unknown}
 f - 2 scrolls of teleportation {unknown}
 g - a scroll of vulnerability {unknown}
 j - a scroll of immolation {unknown}
 k - a scroll of enchant armour {unknown}
Potions
 d - 3 potions of heal wounds {unknown}
 e - a potion of mutation {unknown}
 h - a potion of lignification {unknown}
 m - a potion of ambrosia {unknown}


   Skills:
 - Level 3.6 Fighting
 + Level 5.7 Axes
 - Level 2.4 Armour
 - Level 2.1 Dodging
 + Level 0.2 Stealth


You had 2 spell levels left.
You didn't know any spells.
Your spell library was empty.

Dungeon Overview and Level Annotations

Branches:
Dungeon (2/15)

Altars:

Annotations:
D:2 Robin


Innate Abilities, Weirdness & Mutations

You have a pair of horns on your head.
You reflexively headbutt those who attack you in melee.


Message History

A goblin comes into view. It is wielding a +0 club.
You slash Robin!
Robin is heavily wounded.
Robin points. "Kill!"
Robin closely misses you.
A goblin comes into view. It is wielding a +0 dagger.
You closely miss Robin.
Robin is heavily wounded.
Robin roars a battlecry!
The goblin goes into a battle-frenzy!
A hobgoblin comes into view.
You hear a shout! x2
You hit Robin.
Robin is severely wounded.
Robin points. "Kill!"
Robin hits you with a +0 falchion.
* * * LOW HITPOINT WARNING * * *
You completely miss Robin.
Robin is severely wounded.
Robin throws the goblin at you!
* * * LOW HITPOINT WARNING * * *
The goblin hits you with a +0 dagger.
* * * LOW HITPOINT WARNING * * *
You feel better. Robin throws the goblin at you!
The goblin hits you with a +0 dagger.
* * * LOW HITPOINT WARNING * * *
A goblin comes into view. It is wielding a +0 dagger.
The goblin barely misses you. You furiously retaliate!
You headbutt the goblin!
You kill the goblin!
Trog accepts your kill.
You hit Robin.
Robin is almost dead.
You hit the goblin.
The goblin no longer looks unusually strong.
Robin throws the goblin at you!
* * * LOW HITPOINT WARNING * * *
The goblin hits you with a +0 dagger.
* * * LOW HITPOINT WARNING * * *
The goblin hits you with a +0 club.
You die...

#.###...$.......
#... ...........
#..###........##
#..# ...........
#..# ........#
#..# #....?#.##
###..####gg.......
#....g@g.)...##.#.
#.#..g)..†.......#
#.#.....####)####.
#.#####.# .# #.#
#.# # ...# #.# #.#
##..# #.# #.#
....# #.# #.#
##...# #.# #.#
....#


You could see Robin and 4 goblins.

Vanquished Creatures
  3 adders (D:2)
  5 ball pythons
  4 bats
  4 endoplasms (D:1)
  5 hobgoblins
  A kobold (D:2)
  2 frilled lizards
  6 goblins
30 creatures vanquished.

Notes
Turn   | Place    | Note
-------+----------+-------------------------------------------
     0 | D:1      | Wiggles the Minotaur Berserker began the quest for the Orb.
     0 | D:1      | Reached XP level 1. HP: 19/19 MP: 0/0
    42 | D:1      | Reached skill level 4 in Axes
    94 | D:1      | Reached XP level 2. HP: 26/26 MP: 1/1
   253 | D:1      | Found a faded altar of an unknown god.
   971 | D:2      | Reached ** piety under Trog
  1081 | D:2      | Reached skill level 5 in Axes
  1081 | D:2      | Reached XP level 3. HP: 21/31 MP: 2/2
  1306 | D:2      | Noticed Robin
  1319 | D:2      | HP: 1/31 [goblin/+0 dagger[Robin] (4)]
  1321 | D:2      | Slain by a goblin

Illustrated notes

Levels and vault maps discovered:
D:1:      lightli_arrival_windingriver, layout_basic,
          ebering_ecumenical_altar_petrified
D:2:      layout_loops_ring, uniq_robin

Skill      XL: |  1  2 |
---------------+-------+-----
Axes           | 4 5 |  5.7
Fighting       | |  3.6
Armour         | |  2.4
Dodging        | |  2.1
Stealth        | |  0.2

Action                   || total
-------------------------++-------
Melee: Hand axe          ||    51
       Headbutt          ||     6
Invok: Berserk           ||     1
  Use: Potion            ||     2
Armor: Animal skin       ||    12
       Leather armour    ||    10
Dodge: Dodged            ||    26
